 Dungeon Crawl Stone Soup version 0.22.0-49-gab54619674 (webtiles) character file.

3073 Kaderl the Quickloader (level 10, 0/76 HPs)
             Began as a Human Hunter on Sept 9, 2018.
             Slain by a wolf (8 damage)
             ... led by Grum
             ... on level 8 of the Dungeon.
             The game lasted 00:33:46 (6868 turns).

Kaderl the Quickloader (Human Hunter)               Turns: 6868, Time: 00:33:47

Health: 0/76       AC:  8    Str: 12    XL:     10   Next: 12%
Magic:  10/10      EV: 15    Int: 11    God:
Gold:   291        SH:  0    Dex: 18    Spells: 9/9 levels left

rFire    . . .     SeeInvis .   a - +3 hand crossbow
rCold    . . .     Gourm    .   (no shield)
rNeg     . . .     Faith    .   c - +3 leather armour
rPois    .         Spirit   .   (no helmet)
rElec    .         Reflect  .   (no cloak)
rCorr    .         Harm     .   m - +1 pair of gloves
MR       .....                  (no boots)
Stlth    ++........             (no amulet)
HPRegen  0.22/turn              e - +2 ring of slaying
MPRegen  0.12/turn              (no ring)

@: about to teleport
A: no striking features
a: no special abilities


You were on level 8 of the Dungeon.
You were full.

You visited 2 branches of the dungeon, and saw 9 of its levels.

You collected 291 gold pieces.

Inventory:

Hand Weapons
 a - a +3 hand crossbow (weapon)
 b - a +0 short sword
Missiles
 d - 12 bolts (quivered)
Armour
 c - a +3 leather armour (worn)
 j - a +1 helmet
 m - a +1 pair of gloves (worn)
Jewellery
 e - a +2 ring of slaying (left hand)
 v - a +4 ring of intelligence {unknown}
 x - an uncursed ring of poison resistance {unknown}
Wands
 w - a wand of acid (9)
Scrolls
 h - 3 scrolls of remove curse
 l - a scroll of amnesia
 q - 2 scrolls of teleportation
 r - 2 scrolls of fog
Potions
 g - 2 potions of heal wounds {unknown}
 i - a potion of curing
 k - a potion of lignification {unknown}
 n - 2 potions of agility
 o - 2 potions of brilliance {unknown}
 p - 2 potions of might {unknown}
 s - a potion of ambrosia {unknown}
 t - a potion of haste {unknown}
Comestibles
 f - 9 rations


   Skills:
 + Level 5.8 Fighting
 + Level 5.3 Short Blades
 + Level 9.2 Crossbows
 + Level 4.3 Armour
 + Level 4.7 Dodging
 + Level 3.6 Stealth


You had 9 spell levels left.
You didn't know any spells.
Your spell library was empty.

Dungeon Overview and Level Annotations

Branches:
Dungeon (8/15)             Temple (1/1) D:6
   Lair: D:8-11

Altars:
Ashenzari
Cheibriados
Dithmenos
Elyvilon
Fedhas
Gozag
Hepliaklqana
Kikubaaqudgha
Makhleb
Nemelex Xobeh
Okawaru
Ru
Sif Muna
Trog
Uskayaw
Vehumet
Wu Jian
Xom
Yredelemnul
Zin
The Shining One

Annotations:
D:4 Eustachio


Message History

The wolf closely misses you.
Firing (i - inventory)
d - 15 bolts (quivered)
Press: ? - help, Shift-Dir - straight line, f/p - wolf
Aim: a wolf (moderately wounded)
You shoot a bolt. The bolt hits the wolf!!
You kill the wolf!
The wolf barely misses you. The wolf misses you.
Firing (i - inventory)
d - 14 bolts (quivered)
Press: ? - help, Shift-Dir - straight line, f - wolf
Aim: a wolf You shoot a bolt.
The bolt closely misses the wolf.
The wolf misses you.
Firing (i - inventory)
d - 13 bolts (quivered)
Press: ? - help, Shift-Dir - straight line, f/p - wolf
Aim: a wolf You shoot a bolt.
The bolt hits the wolf but does no damage.
The wolf bites you.
* * * LOW HITPOINT WARNING * * *
The wolf bites you!
You die...

#####..##.##########
#.....##....# ..
#...........####.###
#.....###...#(.....#
####.....#
#..##......#
...#..^..#
#..##...)..#..
#.##.#####
#..##..(......
.......#
#..##h##..(...
#.##.#.# #(..(@#
..(..
.....#.#####.#####..
..(.
#.####..............
... #.#
#######.####### ##
#.# #.######## #.#
#......... #.#
#.######## #.# ###
.#


You could see a wolf.

Vanquished Creatures
  A two-headed ogre (D:4)
  Sigmund (D:3)
  Grum (D:8)
  An ice beast (D:5)
  A black bear (D:7)
  2 ogres
  2 orc warriors (D:7)
  2 wolves (D:8)
  A bullfrog (D:7)
  A wyvern skeleton (D:7)
  A scorpion (D:7)
  A howler monkey (D:6)
  4 crimson imps
  A centaur zombie (D:7)
  6 hounds
  A gnoll shaman (D:7)
  An orc priest (D:7)
  A bullfrog skeleton (D:4)
  A centaur skeleton (D:4)
  Jessica (D:3)
  6 iguanas
  7 orc wizards
  5 worker ants
  A hound skeleton (D:5)
  4 adders
  7 gnolls
  A shadow imp (D:7)
  An adder skeleton (D:6)
  An adder zombie (D:5)
  2 worms
  2 dart slugs
  2 leopard geckos
  26 orcs
  5 bats
  11 giant cockroaches
  10 goblins
  9 hobgoblins
  10 jackals
  7 kobolds
  2 quokkas
  2 ball pythons
  10 frilled lizards
  A jackal skeleton (D:4)
  7 rats
170 creatures vanquished.

Notes
Turn   | Place    | Note
-------+----------+-------------------------------------------
     0 | D:1      | Kaderl the Human Hunter began the quest for the Orb.
     0 | D:1      | Reached XP level 1. HP: 16/16 MP: 1/1
    78 | D:1      | Reached XP level 2. HP: 20/22 MP: 2/2
   331 | D:1      | Reached XP level 3. HP: 25/27 MP: 3/3
  1179 | D:2      | Reached XP level 4. HP: 22/33 MP: 4/4
  1185 | D:2      | Reached skill level 1 in Short Blades
  1217 | D:2      | Found a radiant altar of Vehumet.
  1392 | D:2      | Found a bloodstained altar of Trog.
  2044 | D:3      | Reached XP level 5. HP: 33/39 MP: 5/5
  2050 | D:3      | Reached skill level 1 in Armour
  2183 | D:3      | Reached skill level 5 in Crossbows
  2460 | D:3      | Noticed Jessica
  2462 | D:3      | Reached XP level 6. HP: 46/46 MP: 6/6
  2467 | D:3      | Killed Jessica
  2630 | D:3      | Noticed Sigmund
  2642 | D:3      | Found a faded altar of an unknown god.
  2846 | D:3      | Killed Sigmund
  2846 | D:3      | Reached XP level 7. HP: 34/52 MP: 7/7
  2953 | D:4      | Reached skill level 6 in Crossbows
  3172 | D:4      | Noticed a two-headed ogre
  3182 | D:4      | Killed a two-headed ogre
  3182 | D:4      | Reached skill level 7 in Crossbows
  3182 | D:4      | Reached XP level 8. HP: 60/60 MP: 8/8
  3309 | D:4      | Noticed Eustachio
  3693 | D:5      | Entered Level 5 of the Dungeon
  3733 | D:5      | Reached XP level 9. HP: 42/66 MP: 9/9
  3907 | D:5      | Reached skill level 8 in Crossbows
  4348 | D:5      | Found an ancient bone altar of Kikubaaqudgha.
  4432 | D:5      | Found a sparkling altar of Nemelex Xobeh.
  4957 | D:6      | Found a glowing silver altar of Zin.
  5139 | D:6      | Reached skill level 5 in Fighting
  5212 | D:6      | Found a staircase to the Ecumenical Temple.
  5221 | Temple   | Entered the Ecumenical Temple
  5541 | D:6      | Found a deep blue altar of Sif Muna.
  5668 | D:6      | Found a hazy altar of Hepliaklqana.
  5669 | D:6      | Found a bloodstained altar of Trog.
  5716 | D:7      | Found a snail-covered altar of Cheibriados.
  5940 | D:7      | Found a shadowy altar of Dithmenos.
  6312 | D:7      | Reached skill level 9 in Crossbows
  6327 | D:7      | Reached skill level 5 in Short Blades
  6499 | D:7      | Found a burning altar of Makhleb.
  6645 | D:8      | Reached XP level 10. HP: 63/74 MP: 10/10
  6847 | D:8      | Noticed Grum
  6852 | D:8      | Killed Grum
  6868 | D:8      | Slain by a wolf

Skill      XL: |  1  2  3  4  5  6  7  8  9 |
---------------+----------------------------+-----
Short Blades   | 1 2 3 5 |  5.3
Armour         | 1 2 3 4 |  4.3
Crossbows      | 5 7 9 |  9.2
Fighting       | 3 4 5 |  5.8
Stealth        | 2 3 |  3.6
Dodging        | 3 4 |  4.7

Action                   |  1- 3 |  4- 6 |  7- 9 | 10-12 || total
-------------------------+-------+-------+-------+-------++-------
Melee: Short sword       |   114 |    61 |   279 |       ||   454
 Fire: Hand crossbow     |    22 |    71 |   198 |    21 ||   312
  Use: Scroll            |       |     4 |    12 |     1 ||    17
       Potion            |       |     2 |       |       ||     2
 Stab: Sleeping          |     1 |     1 |     7 |       ||     9
  Eat: Ration            |     1 |     1 |     5 |       ||     7
Armor: Leather armour    |    28 |    20 |    72 |     7 ||   127
Dodge: Dodged            |    91 |    59 |   202 |    21 ||   373
